 Dungeon Crawl Stone Soup version 0.24-a0-447-ge8da9206dc (webtiles) character file.

Game seed: 2922694044545312599

96 nikopol the Chopper (level 4, -9/61 HPs)
             Began as a Minotaur Berserker on June 25, 2019.
             Was a Believer of Trog.
             Mangled by an orc priest
             ... wielding a +4 war axe
              (11 damage)
             ... on level 3 of the Dungeon.
             The game lasted 00:03:17 (1636 turns).

nikopol the Chopper (Minotaur Berserker)            Turns: 1636, Time: 00:03:18

Health: -9/61      AC:  6    Str: 28    XL:     4   Next: 41%
Magic:  3/3        EV: 11    Int:  4    God:    Trog [**....]
Gold:   97         SH:  2    Dex:  9    Spells: 3/3 levels left

rFire    . . .     SeeInvis .   a - +0 hand axe
rCold    . . .     Gourm    .   s - +0 buckler
rNeg     . . .     Faith    .   l - +0 ring mail
rPois    .         Spirit   .   (helmet restricted)
rElec    .         Reflect  .   r - +0 cloak
rCorr    .         Harm     .   (no gloves)
MR       .....                  (no boots)
Stlth    ..........             (no amulet)
HPRegen  0.20/turn              (no ring)
MPRegen  0.08/turn              (no ring)

@: berserking, very quick
A: retaliatory headbutt, horns 2
a: Berserk, Trog's Hand, Renounce Religion


You were on level 3 of the Dungeon.
You worshipped Trog.
Trog was pleased with you.
You were very hungry.

You visited 1 branch of the dungeon, and saw 3 of its levels.

You collected 97 gold pieces.

Inventory:

Hand Weapons
 a - a +0 hand axe (weapon)
Missiles
 m - 63 arrows
Armour
 b - a +0 animal skin
 l - a +0 ring mail (worn)
 r - a +0 cloak (worn)
 s - a +0 buckler (worn)
Jewellery
 g - an uncursed amulet of the gourmand {unknown}
 p - an uncursed amulet of regeneration {unknown}
 q - an uncursed ring of wizardry {unknown}
Scrolls
 d - a scroll of remove curse {unknown}
 e - a scroll of enchant weapon {unknown}
 h - 4 scrolls of teleportation {unknown}
 i - 2 scrolls of identify {unknown}
Potions
 f - 5 potions of flight {unknown}
 j - a potion of cancellation {unknown}
 k - a potion of lignification {unknown}
 n - a potion of curing {unknown}
 o - a potion of berserk rage {unknown}
 t - a potion of ambrosia {unknown}
Comestibles
 c - 5 rations


   Skills:
 + Level 4.5 Fighting
 + Level 4.9 Axes
 + Level 3.1 Armour
 + Level 2.8 Dodging
 + Level 0.2 Stealth


You had 3 spell levels left.
You didn't know any spells.
Your spell library was empty.

Dungeon Overview and Level Annotations

Branches:
Dungeon (3/15)

Altars:


Innate Abilities, Weirdness & Mutations

You reflexively headbutt those who attack you in melee.
You have a pair of horns on your head.


Message History

You completely miss the orc priest. You headbutt the orc priest.
The orc priest is moderately wounded.
A red film seems to cover your vision as you go berserk!
You feel yourself moving faster!
You feel mighty!
You are feeling very hungry.
The orc priest hits you with a +4 war axe.
* * * LOW HITPOINT WARNING * * *
You slash the orc priest!
The orc priest is almost dead.
You closely miss something. Something hits you but does no damage.
The orc priest hits you with a +4 war axe.
* * * LOW HITPOINT WARNING * * *
You barely miss the orc priest.
The orc priest is almost dead.
You closely miss something. Something hits you but does no damage.
You closely miss the orc priest.
The orc priest is almost dead.
You closely miss something.
The orc priest hits you with a +4 war axe!
You die...

######## #########.P'#
#......# #............
#.####.# #.#######.P..
#.# #.# #.#......PP.. #.#
#.# #.#.######.#. #.# #.#
#.#.#.....†.. #.# #.#
#.#.#.###♣..♣ #.#
#.######## #(#<....♣P.♣.
#.#
#......@o###.#.#.##♣.♣..
#.# ########)##(.#.#.# #♣
.P #.# b##.##.#.## ♣♣ #.#
.##.##.PP.P #.#
########(...P♣♣ . #.#
...........P♣♣ P.
#.##############.P♣♣♣ $.?
#................P♣ ..w.
###############...♣♣P...#


You could see an orc priest and a bat.

Vanquished Creatures
  2 adders (D:2)
  An ooze (D:1)
  2 worms
  2 dart slugs
  2 leopard geckos (D:1)
  2 orcs (D:3)
  5 giant cockroaches
  7 goblins
  7 hobgoblins
  2 jackals (D:3)
  A quokka (D:2)
  A ball python (D:2)
  8 bats
  A frilled lizard (D:2)
  9 kobolds
  6 rats
58 creatures vanquished.

Vanquished Creatures (others)
  A plant (D:3)
1 creature vanquished.

Grand Total: 59 creatures vanquished

Notes
Turn   | Place    | Note
-------+----------+-------------------------------------------
     0 | D:1      | nikopol the Minotaur Berserker began the quest for the Orb.
     0 | D:1      | Reached XP level 1. HP: 19/19 MP: 0/0
   117 | D:1      | Reached XP level 2. HP: 19/27 MP: 1/1
   461 | D:1      | Reached ** piety under Trog
   505 | D:1      | Reached XP level 3. HP: 31/33 MP: 2/2
   976 | D:2      | Reached XP level 4. HP: 41/41 MP: 3/3
  1634 | D:3      | HP: 1/61 [orc priest/+4 war axe (4)]
  1636 | D:3      | Mangled by an orc priest

Levels and vault maps discovered:
D:1:      lightli_arrival_boilingwater, layout_loops_cross,
          minmay_misc_feat_rows
D:2:      layout_loops_ring, serial_bayou, serial_bayou_pond_d,
          serial_bayou_shore_a, serial_bayou_pond_b, serial_bayou_pond_e,
          first_ration, serial_bayou_crossing
D:3:      layout_basic, serial_forest, infiniplex_forest_clump_tiny,
          infiniplex_forest_clump_curved, infiniplex_forest_lined_3_way,
          infiniplex_forest_lined_1, infiniplex_forest_clump_small,
          infiniplex_forest_diagonal, minmay_ogre_servants

Skill      XL: |  1  2  3 |
---------------+----------+-----
Fighting       | 4 |  4.5
Axes           | 4 |  4.9
Armour         | 3 |  3.1
Dodging        | |  2.8
Stealth        | |  0.2

Action                   |  1- 3 |  4- 6 || total
-------------------------+-------+-------++-------
Melee: Hand axe          |    77 |    51 ||   128
       Headbutt          |    12 |     6 ||    18
Invok: Berserk           |       |     1 ||     1
  Eat: Chunk             |       |     2 ||     2
Armor: Animal skin       |    20 |       ||    20
       Ring mail         |     7 |    13 ||    20
Dodge: Dodged            |    51 |    15 ||    66
Block: Buckler           |       |     1 ||     1

Table legend:
 A = Non-vault XP
 B = Vault XP
 C = Vault XP percentage of total XP
 D = Non-vault monster count
 E = Vault monster count
 F = Vault count percentage of total count
                 A         B        C        D         E       F
            +---------+---------+-------+---------+---------+-------
      Total |     124 |      14 |  10.1 |      56 |       2 |   3.4
            +---------+---------+-------+---------+---------+-------
        D:1 |      56 |       0 |   0.0 |      28 |       0 |   0.0
        D:2 |      41 |      14 |  25.5 |      15 |       2 |  11.8
        D:3 |      27 |       0 |   0.0 |      13 |       0 |   0.0
            +---------+---------+-------+---------+---------+-------
